 Dungeon Crawl Stone Soup version 0.30.0 (webtiles) character file.

Game seed: 11493257412602971589

2832 BubbleThief the Fighter (level 9, -2/91 HPs)
             Began as a Naga Cinder Acolyte on May 6, 2023.
             Was a High Priest of Ignis.
             Slain by a gnoll
             ... wielding a +2 halberd of electrocution
              (14 damage)
             ... in a bailey.
             The game lasted 00:15:22 (8876 turns).

BubbleThief the Fighter (Naga Cinder Acolyte)       Turns: 8876, Time: 00:15:23

Health: -2/91      AC:  7    Str: 21    XL:     9   Next: 73%
Magic:  1/13       EV:  9    Int: 21    God:    Ignis [*****.]
Gold:   408        SH:  0    Dex:  6    Spells: 9/14 levels left

rFire   + . .        f - +4 flail
rCold   . . .        (no shield)
rNeg    + . .        b - +0 robe
rPois   +            c - +0 helmet
rElec   .            (no cloak)
rCorr   .            d - +1 pair of gloves
SInv    +            (no barding)
Will    +....        (no amulet)
Stlth   +            l - +6 ring of intelligence
HPRegen 0.35/turn    u - ring of positive energy
MPRegen 0.13/turn

%: no passive effects
@: short of breath, very slow
A: AC +3, large, see invisible, deformed body, poison resistance, slowness 2,
spit poison 1, naga tail 1
a: Spit Poison, Renounce Religion, Fiery Armour, Foxfire Swarm, Rising Flame


You were in a bailey.
You worshipped Ignis.
Ignis was extremely pleased with you.
You visited 1 branch of the dungeon, and saw 8 of its levels.
You also visited: Bailey.

You collected 408 gold pieces.

Inventory:

Hand Weapons
 f - a +4 flail (weapon)
 v - a +2 flail of protection
Armour
 b - a +0 robe (worn)
 c - a +0 helmet (worn)
 d - a +1 pair of gloves (worn)
 s - a +0 buckler
Jewellery
 l - a +6 ring of intelligence (left hand)
 u - a ring of positive energy (right hand)
 w - a ring of positive energy
Wands
 o - a wand of paralysis (12)
 y - a wand of mindburst (14)
Scrolls
 a - a scroll of amnesia {unknown}
 e - a scroll of blinking
 g - 6 scrolls of teleportation
 k - 2 scrolls of identify
 q - a scroll of noise {unknown}
 r - a scroll of poison {unknown}
Potions
 h - 8 potions of heal wounds
 i - 5 potions of curing {unknown}
 j - 3 potions of degeneration {unknown}
 m - a potion of resistance
 n - 3 potions of flight {unknown}
 p - a potion of magic {unknown}
 t - a potion of haste
 x - a potion of attraction {unknown}


   Skills:
 + Level 9.2 Fighting
 + Level 9.1 Maces & Flails
 + Level 3.1 Spellcasting
 * Level 2.1 Conjurations
 - Level 3.0 Fire Magic
 - Level 3.0 Poison Magic


You had 9 spell levels left.
You knew the following spells:

 Your Spells              Type           Power      Damage    Failure   Level
a - Scorch                Fire           30%        2d6       6%          2
b - Mephitic Cloud        Conj/Pois/Air  10%        N/A       21%         3

Your spell library contained the following spells:

 Spells                   Type           Power      Damage    Failure   Level
 Magic Dart               Conj           48%        1d5       5%          1
 Necrotise                Necr           12%        1d4       13%         1
 Call Imp                 Summ           6%         N/A       21%         2
 Hailstorm                Conj/Ice       7%         3d4       26%         3
 Ozocubu's Armour         Ice            3%         N/A       36%         3
 Vampiric Draining        Necr           3%         2d6       36%         3
 Ice Form                 Ice/Tmut       3%         N/A       78%         4
 Agony                    Necr           3%         N/A       98%         5
 Simulacrum               Ice/Necr       1%         N/A       100%        6
 Ozocubu's Refrigeration  Ice            1%         4d7       100%        7


Dungeon Overview and Level Annotations

Branches:
Dungeon (8/15)             Temple (0/1) D:7          Bailey (1/1)
   Lair: D:8-11

Altars:
Ashenzari


Innate Abilities, Weirdness & Mutations

Your serpentine skin is tough. (AC +3)
You have supernaturally acute eyesight. (SInv)
Armour fits poorly on your strangely shaped body.
Your system is resistant to poisons. (rPois)
You cover ground very slowly.
You can spit poison.
You have a snake-like lower body.


Message History

Aiming: Mindburst
Press: ? - help, Shift-Dir - straight line, f - orc warrior
Aim: an orc warrior, wielding a +2 halberd of electrocution and wearing a +0 plate armour (chance to affect: 64%)
The orc warrior's mind is blasted!!
A gnoll comes into view.
It is wielding a +2 halberd of electrocution.
Unknown command.
Casting: Scorch (safe; 6% risk of failure)
Confirm with . or Enter, or press ? or * to list all spells.
Flames lash the orc warrior but do no damage.
The gnoll drinks a potion.
The gnoll seems to speed up.
The orc warrior hits you from afar with a +2 halberd of electrocution!
Unknown command.
Aiming: Spit Poison (1% risk of failure)
Press: ? - help, Shift-Dir - straight line, f/p - orc warrior
Aim: an orc warrior, wielding a +2 halberd of electrocution and wearing a +0 plate armour (severely wounded, 64% to hit)
The splash of poison hits the orc warrior.
The orc warrior is poisoned.
The orc warrior is severely wounded.
The orc warrior closely misses you.
Unknown command.
The orc warrior hits you with a +2 halberd of electrocution! x2
Unknown command.
You hit the orc warrior.
You kill the orc warrior!
The gnoll barely misses you.
Your life force feels restored.
Your Conjurations skill increases to level 2!
The gnoll hits you with a +2 halberd of electrocution!
You are electrocuted!
The gnoll hits you with a +2 halberd of electrocution!
* * * LOW HITPOINT WARNING * * *
Your magical contamination has completely faded away.
You sock the gnoll!
The gnoll is almost dead.
The gnoll hits you with a +2 halberd of electrocution.
* * * LOW HITPOINT WARNING * * *
The gnoll hits you with a +2 halberd of electrocution.
* * * LOW HITPOINT WARNING * * *
You are electrocuted!
You die...

###.....#####.....###
##.....# ##.....##
##'##'##'###'##'##'##
#)###.# #)#)###)###)#
### ### #### ### #)#
#.#.# #)###.# +#
#'##'##)## #...).##
#.)@..# #.'.)g..+
###.....# #.....#
#'##'##+ '.# #.# ##
###


You could see a gnoll (fast).

Vanquished Creatures
  Edmund (D:4)
  2 orc warriors
  An ice beast (D:5)
  2 ogres
  A black bear (D:6)
  2 centaurs
  2 phantoms
  A bullfrog (D:7)
  4 scorpions
  11 wights
  A howler monkey (D:5)
  7 hounds
  3 orc priests
  5 iguanas
  Ijyb (D:2)
  4 orc wizards
  A sleepcap (D:4)
  17 gnolls
  10 adders
  A shadow imp (D:5)
  A worm (D:3)
  2 dart slugs (D:4)
  26 orcs
  7 bats
  5 endoplasms
  3 giant cockroaches
  12 goblins
  5 hobgoblins
  4 quokkas
  3 ball pythons
  4 frilled lizards
  8 kobolds
  5 rats
162 creatures vanquished.

Vanquished Creatures (others)
  An orc wizard (D:3)
  18 plants (D:5)
19 creatures vanquished.

Grand Total: 181 creatures vanquished

Notes
Turn   | Place    | Note
-------+----------+-------------------------------------------
     0 | D:1      | BubbleThief the Naga Cinder Acolyte began the quest for the
                  | Orb.
     0 | D:1      | Reached XP level 1. HP: 21/21 MP: 2/2
   194 | D:1      | Reached XP level 2. HP: 28/28 MP: 3/3
   877 | D:2      | Reached XP level 3. HP: 24/34 MP: 5/5
   880 | D:2      | Learned a level 2 spell: Scorch
  1615 | D:2      | Noticed Ijyb
  1636 | D:2      | Killed Ijyb
  1637 | D:2      | Reached XP level 4. HP: 15/44 MP: 2/7
  2499 | D:3      | Reached XP level 5. HP: 50/50 MP: 3/8
  3153 | D:4      | Reached XP level 6. HP: 56/60 MP: 9/9
  3309 | D:4      | Reached skill level 5 in Fighting
  3404 | D:4      | Reached skill level 5 in Maces & Flails
  3974 | D:4      | Reached XP level 7. HP: 66/67 MP: 3/10
  4160 | D:4      | Noticed Edmund
  4173 | D:4      | Killed Edmund
  4442 | D:5      | Entered Level 5 of the Dungeon
  4789 | D:5      | Reached XP level 8. HP: 71/78 MP: 1/11
  5891 | D:6      | Found a broken altar of Ashenzari.
  6802 | D:6      | Reached XP level 9. HP: 90/90 MP: 5/12
  7167 | D:7      | Found a staircase to the Ecumenical Temple.
  7207 | D:7      | Learned a level 3 spell: Mephitic Cloud
  7425 | D:7      | Reached skill level 1 in Poison Magic
  8310 | D:8      | Reached skill level 1 in Conjurations
  8423 | D:8      | Found a flagged portal.
  8469 | Bailey   | Entered a bailey
  8876 | Bailey   | Slain by a gnoll

Illustrated notes

Levels and vault maps discovered:
D:1:      dpeg_arrival_shelter, layout_basic
D:2:      kennysheep_the_goblin_king, layout_basic, roderic_roman_lattice
D:3:      layout_basic, minivault_27
D:4:      layout_basic, grunt_decor_mini_mirrors,
          eino_small_chamber_without_monster, uniq_edmund
D:5:      layout_loops_ring, serial_bayou_lagoon_b
D:6:      black_bear_nest_2, layout_basic, ashenzari_altar_1,
          wad_floor_pattern_untrapped
D:7:      layout_cave_pods, temple_statues
D:8:      layout_cave_pods, lair_entry_dummy, serial_shops, shop,
          lightli_bailey_entry_fortress, hangedman_decor_opposing,
          minmay_guarded_unrand_variability, uniq_pikel, uniq_grum
Bailey:   bailey_polearm_nasty_gnolls, bailey

Skill      XL: |  1  2  3  4  5  6  7  8  9 |
---------------+----------------------------+-----
Spellcasting   | 2 3 |  3.1
Fighting       | 4 5 6 8 9 |  9.2
Maces & Flails | 4 5 6 8 9 |  9.1
Poison Magic   | 3 |  3.0
Conjurations   | 2 |  2.1
Fire Magic     | |  3.0

Action                     |  1- 3 |  4- 6 |  7- 9 || total
---------------------------+-------+-------+-------++-------
  Melee: Mace              |    55 |    56 |     4 ||   115
         Punch             |       |     2 |     2 ||     4
         Flail             |       |       |    97 ||    97
   Cast: Scorch            |    10 |    44 |   124 ||   178
 Invoke: Fiery Armour      |     1 |       |     1 ||     2
Ability: Spit Poison       |    34 |    25 |    39 ||    98
  Evoke: Wand              |       |       |     5 ||     5
    Use: Scroll            |       |       |     7 ||     7
 Armour: Robe              |    26 |    26 |    48 ||   100
  Dodge: Dodged            |    25 |    34 |    94 ||   153
